 Dungeon Crawl Stone Soup version 0.28.0-1-gb440e238dd (webtiles) character file.

Game seed: 13440755368731349651

12648 Morbidden the Carver (level 11, -24/85 HPs)
             Began as a Demonspawn Fighter on Feb 23, 2022.
             Was an Elder of Cheibriados.
             Killed from afar by an ice dragon (44 damage)
             ... with a blast of cold
             ... on level 10 of the Dungeon.
             The game lasted 00:19:33 (12700 turns).

Morbidden the Carver (Demonspawn Fighter)          Turns: 12700, Time: 00:19:33

Health: -24/85     AC: 28    Str: 36    XL:     11   Next: 65%
Magic:  0/17       EV: 12    Int: 20    God:    Cheibriados [****..]
Gold:   523        SH:  6    Dex: 23    Spells: 14/18 levels left

rFire   + . .      SeeInvis .   L - +7 Throatcutter {drain, coup de grace}
rCold   . . .      Faith    .   J - +0 buckler
rNeg    . . .      Spirit   +   x - +1 plate armour {rF+}
rPois   .          Reflect  .   I - +0 hat
rElec   .          Harm     .   (no cloak)
rCorr   .          Rampage  .   k - +0 pair of gloves
Will    .....                   (no boots)
Stlth   ..........              O - amulet of guardian spirit
HPRegen 0.24/turn               g - +4 ring of protection
MPRegen 0.15/turn               F - +6 ring of strength

@: sanguine armoured, very slow
A: foul stench 2, sanguine armour 2, condensation shield, weakness stinger 1
a: Renounce Religion, Bend Time, Temporal Distortion, Slouch


You were on level 10 of the Dungeon.
You worshipped Cheibriados.
Cheibriados was greatly pleased with you.
You visited 2 branches of the dungeon, and saw 12 of its levels.

You collected 523 gold pieces.

Inventory:

Hand Weapons
 b - a +0 arbalest
 n - a +4 war axe
 K - a +0 broad axe
 L - the +7 Throatcutter (weapon) {drain, coup de grace}
   (You found it on level 8 of the Dungeon)

   A truly terrible weapon, it drains the life of any living foe it strikes.
   It may instantly kill foes which have little health.
Missiles
 j - 59 poisoned darts
 u - 14 boomerangs (quivered)
 C - 55 bolts
Armour
 a - the +2 shield of Resistance {rF++ rC++ Will++}
   (You found it on level 10 of the Dungeon)

   rF:        It greatly protects you from fire.
   rC:        It greatly protects you from cold.
   Will:      It greatly increases your willpower.
 k - a +0 pair of gloves (worn)
 x - a +1 plate armour of fire resistance (worn)
 I - a +0 hat (worn)
 J - a +0 buckler (worn)
Jewellery
 c - a ring of willpower
 g - a +4 ring of protection (left hand)
 q - a ring of protection from fire
 F - a +6 ring of strength (right hand)
 G - a ring of fire
 H - a ring of willpower
 O - an amulet of guardian spirit (around neck)
Wands
 P - a wand of polymorph (1)
 Q - a wand of paralysis (3)
Scrolls
 f - 7 scrolls of teleportation
 l - 2 scrolls of fog
 m - a scroll of torment
 o - a scroll of brand weapon {unknown}
 p - a scroll of amnesia {unknown}
 s - 2 scrolls of fear {unknown}
 t - 2 scrolls of immolation {unknown}
 y - a scroll of vulnerability {unknown}
 B - a scroll of magic mapping
 M - a scroll of enchant weapon {unknown}
 R - a scroll of acquirement {unknown}
Potions
 d - a potion of might
 e - a potion of lignification
 i - 2 potions of brilliance
 v - 2 potions of heal wounds
 w - a potion of magic
 z - a potion of cancellation
 A - 2 potions of attraction
 D - a potion of ambrosia
 E - 3 potions of curing
 S - a potion of flight
Miscellaneous
 N - a box of beasts (inert)


   Skills:
 * Level 7.7 Fighting
 * Level 10.8 Long Blades
 + Level 0.6 Axes
 + Level 1.2 Crossbows
 + Level 1.7 Throwing
 + Level 6.4 Armour
 * Level 6.0 Dodging
 + Level 0.4 Stealth
 * Level 4.7 Shields
 * Level 4.1 Spellcasting
 * Level 4.2 Necromancy
 * Level 5.3 Invocations
 + Level 0.3 Evocations


You had 14 spell levels left.
You knew the following spells:

 Your Spells              Type           Power      Damage    Failure   Level
a - Pain                  Necr           80%        1d8       19%         1
b - Vampiric Draining     Necr           20%        2d7       50%         3

Your spell library contained the following spells:

 Spells                   Type           Power      Damage    Failure   Level
 Animate Skeleton         Necr           40%        N/A       19%         1
 Corpse Rot               Necr/Air       24%        N/A       54%         2
 Sandblast                Erth           8%         2d5       71%         1
 Summon Small Mammal      Summ           16%        N/A       71%         1
 Passwall                 Tmut/Erth      3%         N/A       83%         2
 Poisonous Vapours        Pois/Air       8%         N/A       83%         2
 Call Canine Familiar     Summ           4%         N/A       97%         3
 Stone Arrow              Conj/Erth      8%         3d7       97%         3
 Summon Guardian Golem    Hex/Summ       4%         N/A       97%         3


Dungeon Overview and Level Annotations

Branches:
Dungeon (11/15)            Temple (1/1) D:6            Lair (0/6) D:11
    Orc: D:9-12

Altars:
Ashenzari
Cheibriados
Dithmenos
Elyvilon
Fedhas
Gozag
Hepliaklqana
Kikubaaqudgha
Makhleb
Okawaru
Qazlal
Ru
Sif Muna
Trog
Uskayaw
Vehumet
Wu Jian
Xom
Yredelemnul
Zin
The Shining One

Shops:
D:7 (

Annotations:
D:5 3 runed translucent doors, aoei's ghost, novice DDFi
D:10 1 runed translucent door


Innate Abilities, Weirdness & Mutations

You sometimes emit foul miasma when damaged in melee.
When seriously injured, your blood forms thick armour. (AC +9)
A meltable shield of frost defends you. (SH +0)
You have a small tail.


Message History

You fade into invisibility!
You see here a +0 chain mail.
You open the door.
You flicker for a moment.
Blink to where?
Press: ? - help, Dir - move target
As you read the scroll of blinking, it crumbles to dust.
a - the +2 shield of Resistance {rF++ rC++ Will++} Unknown command.
As you read the scroll of teleportation, it crumbles to dust.
You feel strangely unstable.
The fire dragon roars deafeningly!
Unknown command.
There are no items here.
Throw: 14 boomerangs
Press: ? - help, Q - select action, (/) - cycle Shift-Dir - straight line, f - ice dragon
Aim: an ice dragon (72% to hit)
Okay, then.
Unknown command.
There are no items here.
Unknown command.
You flicker back into view.
The fire dragon roars deafeningly!
The ice dragon breathes frost at you.
The blast of cold hits the ice dragon!
The ice dragon resists.
The blast of cold hits you!!!
Ouch! That really hurt!
Your blood congeals into armour.
The fire dragon breathes flames at you. The blast of flame hits you!!
Your condensation shield dissipates!
You resist.
* * * LOW HITPOINT WARNING * * *
Unknown command.
Unknown command.
Your surroundings seem slightly different.
The ice dragon breathes frost at you. The blast of cold hits you!!!
Ouch! That really hurt!
You die...

#####################
#...................#
#.........####'####.#
#.........#....#≈≈#[#
#.........#.⌠.§#≈≈#.#
#.....)...#....####.#
#.........#...@...#.#
#.........####DD..#.#
#.........#≈≈#..DD#.#
#.........#≈≈#...!#.#
#.........####+####.#
#...........[.......#
#.........###.###...#
#..................##
#.........##########


You could see 2 fire dragons and 2 ice dragons.

Vanquished Creatures
  A two-headed ogre (D:9)
  A deep elf pyromancer (D:9)
  A cyclops (D:11)
  An ugly thing (D:11)
  A shining eye (D:11)
  2 gargoyles
  An unseen horror (D:11)
  A komodo dragon (D:9)
  A hornet (D:9)
  A slime creature (D:11)
  2 shadows
  3 wyverns (D:11)
  18 yaks
  Eustachio (D:5)
  A basilisk (D:11)
  2 steam dragons
  6 water moccasins
  2 acid dragons
  4 black bears
  5 orc warriors
  An ogre (D:5)
  2 centaurs
  A wolf (D:11)
  3 kobold brigands
  A bullfrog (D:7)
  A scorpion (D:5)
  A water moccasin zombie (D:6)
  2 wyvern skeletons
  24 killer bees
  2 howler monkeys
  6 wights
  An electric eel (D:9)
  4 centaur zombies
  A bullfrog zombie (D:6)
  A gnoll shaman (D:6)
  2 jellies
  3 orc priests
  A hound (D:5)
  A bullfrog skeleton (D:6)
  4 iguanas
  12 orc wizards
  A howler monkey zombie (D:9)
  9 gnolls
  2 howler monkey skeletons
  4 adders
  A shadow imp (D:7)
  A white imp (D:6)
  An adder skeleton (D:5)
  3 worms
  2 dart slugs
  20 orcs
  5 ball pythons
  11 endoplasms
  4 giant cockroaches
  7 goblins
  4 hobgoblins
  2 jackals (D:5)
  A quokka (D:1)
  3 bats
  5 frilled lizards
  19 kobolds
  9 rats
243 creatures vanquished.

Vanquished Creatures (others)
  A gnoll (D:6)
  2 fungi (D:11)
  20 plants
23 creatures vanquished.

Grand Total: 266 creatures vanquished

Notes
Turn   | Place    | Note
-------+----------+-------------------------------------------
     0 | D:1      | Morbidden the Demonspawn Fighter began the quest for the
                  | Orb.
     0 | D:1      | Reached XP level 1. HP: 18/18 MP: 1/1
   425 | D:1      | Gained mutation: You have a small tail. [demonic ancestry]
   425 | D:1      | Reached XP level 2. HP: 24/24 MP: 2/2
   434 | D:1      | Reached skill level 2 in Long Blades
   704 | D:1      | Found a faded altar of an unknown god.
   803 | D:1      | Gained mutation: When seriously injured, your blood forms
                  | armour. (AC +9) [demonic ancestry]
   803 | D:1      | Reached XP level 3. HP: 29/29 MP: 3/3
  1408 | D:2      | Gained mutation: You may rarely emit foul miasma when
                  | damaged in melee. [demonic ancestry]
  1408 | D:2      | Reached XP level 4. HP: 35/35 MP: 4/4
  1913 | D:3      | Found an ornate altar of the Wu Jian Council.
  1940 | D:3      | Reached skill level 3 in Long Blades
  2145 | D:3      | Found a hazy altar of Hepliaklqana.
  2148 | D:3      | Found a faded altar of an unknown god.
  2801 | D:4      | Reached skill level 1 in Dodging
  2801 | D:4      | Gained mutation: When seriously injured, your blood forms
                  | thick armour. (AC +9) [demonic ancestry]
  2801 | D:4      | Reached XP level 5. HP: 26/41 MP: 5/5
  3095 | D:4      | You fall into a shaft and drop 3 floors!
  3105 | D:7      | Reached skill level 4 in Long Blades
  3149 | D:7      | Noticed an orc warrior
  3164 | D:7      | Killed an orc warrior
  3165 | D:7      | Reached XP level 6. HP: 32/48 MP: 6/6
  3229 | D:7      | Noticed a steam dragon
  3238 | D:7      | Killed a steam dragon
  3239 | D:7      | Reached skill level 5 in Long Blades
  3530 | D:6      | Reached XP level 7. HP: 45/54 MP: 7/7
  3830 | D:5      | Entered Level 5 of the Dungeon
  3881 | D:5      | Reached skill level 6 in Long Blades
  4399 | D:5      | Reached XP level 8. HP: 30/61 MP: 8/8
  5371 | D:5      | Noticed Eustachio
  5384 | D:5      | Killed Eustachio
  5385 | D:5      | Reached skill level 7 in Long Blades
  5497 | D:5      | Found a runed translucent door.
  5508 | D:5      | Found a basalt altar of Yredelemnul.
  5514 | D:5      | Found a bloodstained altar of Trog.
  5527 | D:5      | Found a large runed translucent door.
  5529 | D:5      | Found a large runed translucent door.
  5536 | D:5      | Noticed aoei's ghost (novice DDFi)
  5693 | D:6      | Reached skill level 5 in Fighting
  5693 | D:6      | Reached skill level 8 in Long Blades
  6199 | D:6      | Gained mutation: A meltable shield of frost defends you.
                  | (SH +0) [demonic ancestry]
  6199 | D:6      | Reached XP level 9. HP: 68/68 MP: 9/9
  6270 | D:6      | Found a staircase to the Ecumenical Temple.
  6305 | Temple   | Entered the Ecumenical Temple
  6587 | Temple   | Became a worshipper of Cheibriados the Contemplative
  6634 | D:6      | Found a shimmering blue altar of Sif Muna.
  6901 | D:7      | Found Dilin's Antique Weapon Shoppe.
  7030 | D:7      | Noticed a +0 hand axe
  7032 | D:7      | Noticed a +0 hand axe
  7051 | D:7      | Found a hide-covered altar of Uskayaw.
  7726 | D:8      | Found the +7 Throatcutter {drain, coup de grace}
  7909 | D:8      | Reached skill level 1 in Crossbows
  7960 | D:8      | Reached skill level 9 in Long Blades
  8271 | D:8      | Reached * piety under Cheibriados
  8379 | D:8      | Reached skill level 5 in Armour
  8503 | D:8      | Learned a level 1 spell: Pain
  8547 | D:9      | Found a snail-covered altar of Cheibriados.
  8552 | D:9      | Found a shimmering altar of Xom.
  8554 | D:9      | Found a bloodstained altar of Trog.
  8554 | D:9      | Found an ornate altar of the Wu Jian Council.
  8554 | D:9      | Found an iron altar of Okawaru.
  8614 | D:9      | Found a burning altar of Makhleb.
  8625 | D:9      | Reached skill level 1 in Necromancy
  8804 | D:9      | Reached ** piety under Cheibriados
  8903 | D:9      | Noticed a two-headed ogre
  8904 | D:9      | Reached skill level 1 in Spellcasting
  8917 | D:9      | Killed a two-headed ogre
  8918 | D:9      | Reached skill level 1 in Throwing
  8918 | D:9      | Reached XP level 10. HP: 66/77 MP: 10/12
  9100 | D:9      | Found an iron altar of Okawaru.
  9108 | D:9      | Found a broken altar of Ashenzari.
  9379 | D:9      | Noticed a deep elf pyromancer
  9384 | D:9      | Killed a deep elf pyromancer
  9385 | D:9      | Reached skill level 5 in Dodging
 10218 | D:10     | Entered Level 10 of the Dungeon
 10218 | D:10     | Noticed a gargoyle
 10230 | D:9      | Reached skill level 1 in Invocations
 10512 | D:10     | Killed a gargoyle
 10607 | D:10     | Reached *** piety under Cheibriados
 10769 | D:10     | Reached skill level 10 in Long Blades
 11013 | D:10     | Gained mutation: You sometimes emit foul miasma when
                  | damaged in melee. [demonic ancestry]
 11013 | D:10     | Reached XP level 11. HP: 70/84 MP: 15/15
 11198 | D:10     | Found the +2 shield of Resistance {rF++ rC++ Will++}
 11199 | D:10     | Found a runed translucent door.
 11199 | D:10     | Noticed an ice dragon
 11199 | D:10     | Noticed an ice dragon
 11199 | D:10     | Noticed a fire dragon
 11200 | D:10     | Noticed a fire dragon
 11202 | D:10     | Found a runed translucent door.
 11223 | D:10     | Learned a level 3 spell: Vampiric Draining
 11833 | D:11     | Noticed a six-headed hydra
 11839 | D:11     | a six-headed hydra changed into a slime creature
 11871 | D:11     | Noticed a seven-headed hydra
 11876 | D:11     | Noticed a shining eye
 11876 | D:11     | a seven-headed hydra changed into a shining eye
 11879 | D:11     | Killed a shining eye
 11920 | D:11     | Reached skill level 5 in Invocations
 11937 | D:11     | Reached **** piety under Cheibriados
 11940 | D:11     | Found a staircase to the Lair.
 12318 | D:11     | Noticed a cyan ugly thing
 12323 | D:11     | Killed a cyan ugly thing
 12700 | D:10     | Killed from afar by an ice dragon

Illustrated notes

Levels and vault maps discovered:
D:1:      minmay_arrival_radiant_lines, layout_rooms,
          ebering_ecumenical_altar_box
D:2:      layout_rooms, kennysheep_generic_room_7
D:3:      layout_basic, beargit_hepliaklqana_dungeon_heroes,
          nicolae_wu_jian_immortal_techniques, roderic_lattice_a,
          grunt_ministairs_7
D:4:      layout_cave_pods
D:5:      layout_basic, dk_yredelemnul_ordeal, lemuel_crystal_altar,
          ebering_ghost_disaster_area, hex_medium, uniq_eustachio
D:6:      layout_rooms, kennysheep_orc_sif_temple,
          minmay_temple_entry_gardened_gates
D:7:      layout_loops_ring, dancing_weapons_uskayaw, serial_shops,
          nicolae_lakefront_shop
D:8:      layout_loops_cross, hangedman_abyss_or_decor_passed
D:9:      layout_small_grid, okawaru_metal_pillars_1_2,
          mainiacjoe_overflow_paths, doesnt_xom_only_xom, lemuel_crystal_altar,
          nicolae_elyvilon_temple_path, minmay_misc_feat_columns, st_stairs_12
D:10:     layout_cross, nicolae_overflow_hidden_temple,
          minmay_guarded_unrand_resistance
D:11:     layout_long_grid, minmay_lair_entry_grove,
          chequers_serial_rivers_small_a, eino_jars
Temple:   cyrus_temple_forest

Skill      XL: |  1  2  3  4  5  6  7  8  9 10 11 |
---------------+----------------------------------+-----
Long Blades    | 2 3 4 5 6 8 9 10 | 10.8
Armour         | 3 4 5 6 |  6.4
Dodging        | 1 2 3 4 5 6 |  6.0
Fighting       | 4 5 6 7 |  7.7
Crossbows      | 1 |  1.2
Necromancy     | 2 3 4 |  4.2
Shields        | 3 4 |  4.7
Spellcasting   | 1 3 4 |  4.1
Throwing       | 1 |  1.7
Invocations    | 3 5 |  5.3
Axes           | |  0.6
Stealth        | |  0.4
Evocations     | |  0.3

Action                   |  1- 3 |  4- 6 |  7- 9 | 10-12 || total
-------------------------+-------+-------+-------+-------++-------
Melee: Long sword        |    24 |       |    83 |   209 ||   316
       Great sword       |    90 |    80 |   214 |       ||   384
       Tailslap          |     7 |    10 |    42 |    30 ||    89
 Fire: Arbalest          |       |       |    20 |       ||    20
Throw: Boomerang         |       |       |     8 |    16 ||    24
Evoke: Wand              |       |       |       |     6 ||     6
       Box of beasts     |       |       |       |     1 ||     1
  Use: Scroll            |       |     2 |     2 |     9 ||    13
       Potion            |       |     2 |     3 |     1 ||     6
Armor: Scale mail        |    38 |       |       |       ||    38
       Plate armour      |    60 |    71 |   307 |   133 ||   571
       Skin              |       |       |     2 |       ||     2
Dodge: Dodged            |    54 |    18 |   128 |    86 ||   286
Block: Buckler           |     9 |       |    35 |   119 ||   163
       Other             |       |       |     8 |       ||     8
